 Dungeon Crawl Stone Soup version 0.31-a0-662-g684573625c (webtiles) character file.

Game seed: 3299135977611221148

777 jasper the Magician (level 7, -3/46 HPs)
             Began as a Demonspawn Hedge Wizard on Sept 1, 2023.
             Killed by nerve-wracking pain
             ... invoked by an orc priest
              (8 damage)
             ... on level 6 of the Dungeon.
             The game lasted 00:08:25 (5568 turns).

jasper the Magician (Demonspawn Hedge Wizard)       Turns: 5568, Time: 00:08:26

Health: -3/46      AC:  7    Str: 10    XL:     7   Next: 54%
Magic:  5/13       EV: 12    Int: 17    God:
Gold:   66         SH:  0    Dex: 13    Spells: 4/14 levels left

rFire   . . .        i - +3 short sword
rCold   . . .        (no shield)
rNeg    . . .        b - +0 robe
rPois   +            c - +0 hat
rElec   .            (no cloak)
rCorr   .            (no gloves)
SInv    .            (no boots)
Will    .....        s - amulet of the acrobat
Stlth   ++           C - ring of poison resistance
HPRegen 0.27/turn    o - +4 ring of protection
MPRegen 0.13/turn

%: acrobat
@: no status effects
A: antennae 1, ignite blood 2, sharp scales 1
a: no special abilities


You were on level 6 of the Dungeon.
You visited 1 branch of the dungeon, and saw 6 of its levels.

You collected 213 gold pieces.
You spent 147 gold pieces at shops.

Inventory:

Hand Weapons
 a - a +0 dagger
 d - a +0 whip
 e - a +0 short sword
 i - a +3 short sword (weapon)
 p - a +0 trident
 E - a +0 shortbow
Missiles
 f - 61 stones
 l - 17 poisoned darts
Armour
 b - a +0 robe (worn)
 c - a +0 hat (worn)
Magical Staves
 D - a staff of death
Jewellery
 k - a ring of see invisible
 o - a +4 ring of protection (right hand)
 s - an amulet of the acrobat (around neck)
 t - a ring of positive energy
 v - an amulet of guardian spirit
 x - a ring of positive energy
 C - a ring of poison resistance (left hand)
Talismans
 u - a flux talisman
Scrolls
 m - a scroll of fear
 r - 2 scrolls of identify
 w - a scroll of summoning {unknown}
 y - a scroll of immolation
 z - 2 scrolls of teleportation
 A - a scroll of blinking
 B - a scroll of vulnerability
 F - a scroll of fog
Potions
 g - 2 potions of enlightenment
 h - 3 potions of curing
 j - a potion of haste
 n - a potion of heal wounds
 q - a potion of attraction


   Skills:
 - Level 1.7 Dodging
 - Level 1.7 Stealth
 + Level 4.3 Spellcasting
 + Level 3.4 Conjurations
 - Level 1.0 Summonings
 - Level 3.4 Necromancy
 - Level 3.0 Translocations
 - Level 3.0 Air Magic
 - Level 3.1 Poison Magic


You had 4 spell levels left.
You knew the following spells:

 Your Spells              Type           Power      Damage    Failure   Level
a - Magic Dart            Conj           60%        1d6       3%          1
b - Blink                 Tloc           26%        N/A       7%          2
c - Cigotuvi's Dreadful   Necr/Pois/Air  28%        N/A       6%          2
d - Mephitic Cloud        Conj/Pois/Air  14%        N/A       12%         3
e - Sublimation of Blood  Necr           15%        N/A       5%          2

Your spell library contained the following spells:

 Spells                   Type           Power      Damage    Failure   Level
 Slow                     Hex            12%        N/A       16%         1
 Call Imp                 Summ           14%        N/A       16%         2
 Wereblood                Tmut           3%         N/A       24%         2
 Summon Hydra             Summ           3%         N/A       100%        7


Dungeon Overview and Level Annotations

Branches:
Dungeon (6/15)
 Temple: D:4-7

Altars:
Nemelex Xobeh
Okawaru

Shops:
D:3 !   D:4 **

Annotations:
D:3 3 runed translucent doors, GoodGuyCap's ghost, amateur OpSh; ghost77's ghost, amateur DsBe
D:5 exclusion: water moccasin


Innate Abilities, Weirdness & Mutations

You have a pair of small antennae on your head.
Your demonic aura often causes spilled blood to erupt in flames.
You are partially covered in razor-sharp scales. (AC +1, Slay +1)


Message History

Press: ? - help, Q - select action, (/) - cycle Shift-Dir - straight line, f/p - orc priest
Aim: an orc priest, wielding a +0 war axe and wearing a +0 ring mail (100% to hit)
The magic dart hits something.
The orc priest mumbles some strange prayers to Beogh against you.
Beogh smites you!
You take 10 damage, and have 22/46 hp.
MASSIVE DAMAGE!!
Aiming: Magic Dart (safe; 3% risk of failure)
Press: ? - help, Q - select action, (/) - cycle Shift-Dir - straight line, f/p - orc priest
Aim: an orc priest, wielding a +0 war axe and wearing a +0 ring mail (100% to hit)
The magic dart hits something.
Reactivating autopickup.
You feel a bit more experienced.
You now have 4/13 mp.
Things that are here:
a +0 dagger; a +0 robe; an orc corpse You puncture the orc priest!
You punch the orc priest.
The orc priest is heavily wounded.
The orc priest hits you with a +0 war axe.
You take 2 damage, and have 20/46 hp.
You hit the orc priest but do no damage.
The orc priest is heavily wounded.
The orc priest hits you with a +0 war axe.
You take 4 damage, and have 16/46 hp.
You barely miss the orc priest.
The orc priest is heavily wounded.
The orc priest closely misses you.
You hit the orc priest.
The orc priest is severely wounded.
The orc priest calls down the wrath of Beogh upon you.
Pain shoots through your body!
* * * LOW HITPOINT WARNING * * *
You take 12 damage, and have 4/46 hp.
MASSIVE DAMAGE!!
You closely miss the orc priest.
The orc priest is severely wounded.
The orc priest barely misses you.
You hit the orc priest.
The orc priest is almost dead.
The orc priest invokes the aid of Beogh against you.
Pain shoots through your body!
You die...

#######.###....####
..>...# #.# #....#
.:....# #.# #....#
......# #.# #....#
......# #.# #.####
..... #.# #.# ...
#<# #.# ####.####
######.#####....?..#
#........@o)....#.##
#.####.########.#
#.# .# #.# .# #.# .#
#.# .# #.# .# #..


You could see an orc priest.

Vanquished Creatures
  Grinder (D:6)
  An ogre (D:4)
  A centaur (D:5)
  A phantom (D:6)
  A scorpion (D:5)
  A hound (D:6)
  A sleepcap (D:5)
  3 iguanas (D:5)
  An orc wizard (D:6)
  3 adders
  3 worms
  3 dart slugs
  9 orcs
  6 endoplasms
  5 giant cockroaches
  5 goblins
  11 hobgoblins
  2 jackals (D:1)
  3 quokkas
  5 ball pythons
  7 bats
  3 frilled lizards
  9 kobolds
  23 rats
108 creatures vanquished.

Notes
Turn   | Place    | Note
-------+----------+-------------------------------------------
     0 | D:1      | jasper the Demonspawn Hedge Wizard began the quest for the
                  | Orb.
     0 | D:1      | Reached XP level 1. HP: 13/13 MP: 4/4
   578 | D:1      | Gained mutation: You are partially covered in razor-sharp
                  | scales. (AC +1, Slay +1) [demonic ancestry]
   578 | D:1      | Reached XP level 2. HP: 17/19 MP: 0/6
   581 | D:1      | Learned a level 2 spell: Blink
   584 | D:1      | Learned a level 2 spell: Cigotuvi's Dreadful Rot
  1455 | D:2      | Reached XP level 3. HP: 24/24 MP: 1/8
  1492 | D:2      | Learned a level 3 spell: Mephitic Cloud
  1691 | D:2      | Reached skill level 1 in Translocations
  2173 | D:2      | Reached skill level 4 in Spellcasting
  2649 | D:3      | Found Jyloqyess's Distillery.
  2714 | D:3      | Bought a potion of curing for 36 gold pieces
  2772 | D:3      | Gained mutation: Your demonic aura sometimes causes spilled
                  | blood to erupt in flames. [demonic ancestry]
  2772 | D:3      | Reached XP level 4. HP: 25/30 MP: 10/10
  3047 | D:3      | Found a runed translucent gate.
  3047 | D:3      | Found a runed translucent gate.
  3052 | D:3      | Found a runed translucent gate.
  3052 | D:3      | Noticed GoodGuyCap's ghost (amateur OpSh)
  3052 | D:3      | Noticed ghost77's ghost (amateur DsBe)
  3360 | D:3      | Bought a potion of lignification for 36 gold pieces
  3366 | D:4      | Noticed an ogre
  3373 | D:4      | Killed an ogre
  3374 | D:4      | Reached skill level 1 in Necromancy
  3374 | D:4      | Reached skill level 1 in Poison Magic
  3374 | D:4      | Gained mutation: You have a pair of small antennae on your
                  | head. [demonic ancestry]
  3374 | D:4      | Reached XP level 5. HP: 35/35 MP: 9/11
  3508 | D:4      | Found an iron altar of Okawaru.
  3592 | D:4      | Reached skill level 1 in Air Magic
  3742 | D:4      | Found Ryogoil's Specific Store.
  3742 | D:4      | Found Imeahesyah's General Store.
  4172 | D:4      | Bought a scroll of blinking for 75 gold pieces
  4337 | D:5      | Entered Level 5 of the Dungeon
  4345 | D:5      | Learned a level 2 spell: Sublimation of Blood
  4380 | D:5      | Found a sparkling altar of Nemelex Xobeh.
  4553 | D:5      | Reached XP level 6. HP: 30/41 MP: 1/12
  5173 | D:5      | Noticed a water moccasin
  5377 | D:6      | Noticed Grinder
  5394 | D:6      | Killed Grinder
  5395 | D:6      | Gained mutation: Your demonic aura often causes spilled
                  | blood to erupt in flames. [demonic ancestry]
  5395 | D:6      | Reached XP level 7. HP: 46/46 MP: 6/13
  5568 | D:6      | Killed from afar by an orc priest

Illustrated notes

Levels and vault maps discovered:
D:1:      tarquinn_simple_flora_water_d, layout_loops_corners
D:2:      layout_basic
D:3:      layout_rooms, serial_shops, shop, gammafunk_ghost_cemetery
D:4:      layout_cave_pools, okawaru_gym_becter, nicolae_specific_store,
          minmay_rat_hole
D:5:      layout_loops_cross, mainiacjoe_overflow_six_doors_small
D:6:      layout_basic, chequers_temple_overflow_statue_of_worship,
          uniq_prince_ribbit1, uniq_grinder

Skill      XL: |  1  2  3  4  5  6  7 |
---------------+----------------------+-----
Translocations | 1 3 |  3.0
Spellcasting   | 4 |  4.3
Necromancy     | 1 2 3 |  3.4
Poison Magic   | 1 2 3 |  3.1
Air Magic      | 1 2 3 |  3.0
Conjurations   | 3 |  3.4
Dodging        | |  1.7
Stealth        | |  1.7
Summonings     | |  1.0

Action                     |  1- 3 |  4- 6 |  7- 9 || total
---------------------------+-------+-------+-------++-------
  Melee: Short sword       |    36 |   107 |    16 ||   159
         Unarmed           |       |    10 |       ||    10
         Punch             |       |       |     2 ||     2
   Cast: Magic Dart        |   103 |   122 |    20 ||   245
  Evoke: Wand              |       |     4 |       ||     4
    Use: Potion            |     1 |     1 |       ||     2
         Scroll            |     7 |     3 |       ||    10
   Stab: Paralysed         |       |     3 |       ||     3
 Armour: Robe              |    26 |    55 |    11 ||    92
         Skin              |       |     6 |       ||     6
  Dodge: Dodged            |    28 |   110 |     8 ||   146

Table legend: (Time is in decaauts)
 A = Elapsed time spent in this place.
 B = Non-inter-level travel time spent in this place.
 C = Inter-level travel time spent in this place.
 D = Time resting spent in this place.
 E = Time spent auto-exploring this place.
 F = Levels seen in this place.
 G = Mean time per level.
                   A        B        C        D        E       F      G
               +--------+--------+--------+--------+--------+-----+--------+
         Total |   5562 |   5396 |    166 |    136 |   4462 |   6 |  927.0 |
       Dungeon |   5562 |   5396 |    166 |    136 |   4462 |   6 |  927.0 |
               +--------+--------+--------+--------+--------+-----+--------+

Top non-repeatable levels by time:
     D:1: 1422 daAuts
     D:2: 1224 daAuts
     D:5: 1025 daAuts
     D:4: 970 daAuts
     D:3: 716 daAuts
     D:6: 202 daAuts
